 Dungeon Crawl Stone Soup version 0.28.0 (webtiles) character file.

Game seed: 12867960097624019137

553922 Drazool the Axe Maniac (level 25, 0/197 HPs)
             Began as a Demonspawn Fighter on Feb 9, 2022.
             Was an Initiate of Gozag.
             Slain by a golden dragon (12 damage)
             ... on level 1 of the Realm of Zot on Feb 10, 2022.
             The game lasted 05:15:25 (98138 turns).

Drazool the Axe Maniac (Demonspawn Fighter)        Turns: 98138, Time: 05:15:27

Health: 0/197      AC: 31    Str: 20    XL:     25   Next: 13%
Magic:  23/23      EV: 20    Int: 17    God:    Gozag
Gold:   18934      SH:  0    Dex: 17    Spells: 24/24 levels left

rFire   + + .      SeeInvis .   a - +9 executioner's axe (elec)
rCold   + . .      Faith    .   (shield currently unavailable)
rNeg    + . .      Spirit   .   L - +10 plate armour of Wu Jian's Condemnation {Fly Str-3 Int+6}
rPois   .          Reflect  .   u - +2 hood of the Assassin {Detection Stab+ Stlth++}
rElec   +          Harm     .   C - +0 cloak of the Shining Light {rElec rC+ rN+ Regen+}
rCorr   .          Rampage  .   R - +2 pair of gloves of the Harvest {-Cast rF++ Slay+2}
Will    +....      NoCast   +   (boots unavailable) Stlth **++++++++
                                x - amulet of regeneration
HPRegen 2.02/turn               Y - +4 ring of slaying
MPRegen 0.18/turn               K - ring of Shadows {Umbra +Inv Stlth+}

@: agile, gold aura, flying, slowed, wreathed by umbra, studying 2 skills, repel
missiles, very slow
A: hooves 3, repulsion field 3, ignite blood 3, powered by pain 3, bedeviling
}: 3/15 runes: barnacled, silver, gossamer
a: Renounce Religion, Evoke Invisibility, Potion Petition, Call Merchant, Bribe
Branch


You were on level 1 of the Realm of Zot.
You worshipped Gozag.
Gozag was extremely pleased with you.
You visited 10 branches of the dungeon, and saw 47 of its levels.
You also visited: Wizlab.

You collected 25402 gold pieces.
You spent 4638 gold pieces at shops.
You paid 1830 gold pieces to Gozag.


Innate Abilities, Weirdness & Mutations

You have hooves in place of feet.
You are surrounded by a strong repulsion field. (EV +4, RMsl)
Your demonic aura causes all spilled blood to erupt in flames.
You are powered by pain.
Your hexes are more powerful.


   Skills:
 + Level 16.2 Fighting
 O Level 27 Axes
 - Level 4.7(18.6) Maces & Flails
 - Level 8.0 Throwing
 - Level 10.6 Armour
 - Level 10.0 Dodging
 * Level 25.8 Stealth
 - Level 2.6 Shields
 - Level 8.0 Evocations


You had 24 spell levels left.
You didn't know any spells.
Your spell library contained the following spells:

 Spells                   Type           Power      Damage    Failure   Level
 Animate Skeleton         Necr           0%         N/A       98%         1
 Apportation              Tloc           0%         N/A       98%         1
 Beastly Appendage        Tmut           0%         N/A       98%         1
 Freeze                   Ice            0%         1d3       98%         1
 Magic Dart               Conj           0%         1d3       98%         1
 Pain                     Necr           0%         1d4       98%         1
 Sandblast                Erth           0%         2d4       98%         1
 Slow                     Hex            0%         N/A       98%         1
 Summon Small Mammal      Summ           0%         N/A       98%         1
 Call Imp                 Summ           0%         N/A       99%         2
 Corpse Rot               Necr/Air       0%         N/A       99%         2
 Ensorcelled Hibernation  Hex/Ice        0%         N/A       99%         2
 Poisonous Vapours        Pois/Air       0%         N/A       99%         2
 Searing Ray              Conj           0%         2d4       99%         2
 Static Discharge         Conj/Air       0%         N/A       99%         2
 Wereblood                Tmut           0%         N/A       99%         2
 Call Canine Familiar     Summ           0%         N/A       100%        3
 Confusing Touch          Hex            0%         N/A       100%        3
 Conjure Flame            Conj/Fire      0%         6-21      100%        3
 Dazzling Flash           Conj/Hex       0%         N/A       100%        3
 Frozen Ramparts          Ice            0%         1d2       100%        3
 Ignite Poison            Fire/Tmut/Pois 0%         N/A       100%        3
 Mephitic Cloud           Conj/Pois/Air  0%         N/A       100%        3
 Ozocubu's Armour         Ice            0%         N/A       100%        3
 Portal Projectile        Hex/Tloc       0%         N/A       100%        3
 Spider Form              Tmut/Pois      0%         N/A       100%        3
 Stone Arrow              Conj/Erth      0%         3d7       100%        3
 Summon Guardian Golem    Hex/Summ       0%         N/A       100%        3
 Vampiric Draining        Necr           0%         2d6       100%        3
 Airstrike                Air            0%         N/A       100%        4
 Anguish                  Hex/Necr       0%         N/A       100%        4
 Animate Armour           Summ/Erth      0%         N/A       100%        4
 Cause Fear               Hex            0%         N/A       100%        4
 Dispel Undead            Necr           0%         3d6       100%        4
 Fulminant Prism          Conj/Hex       0%         3d6       100%        4
 Hailstorm                Conj/Ice       0%         3d3       100%        4
 Ice Form                 Ice/Tmut       0%         N/A       100%        4
 Iskenderun's Mystic Bla  Conj/Tloc      0%         2d3       100%        4
 Leda's Liquefaction      Hex/Erth       0%         N/A       100%        4
 Olgreb's Toxic Radiance  Pois           0%         N/A       100%        4
 Passage of Golubria      Tloc           0%         N/A       100%        4
 Sticky Flame             Conj/Fire      0%         2d3       100%        4
 Summon Lightning Spire   Summ/Air       0%         N/A       100%        4
 Alistair's Intoxication  Tmut/Pois      0%         N/A       100%        5
 Borgnjor's Vile Clutch   Necr/Erth      0%         N/A       100%        5
 Fireball                 Conj/Fire      0%         3d3       100%        5
 Freezing Cloud           Conj/Ice/Air   0%         6-21      100%        5
 Iskenderun's Battlesphe  Conj           0%         2d6       100%        5
 Lightning Bolt           Conj/Air       0%         1d11      100%        5
 Silence                  Hex/Air        0%         N/A       100%        5
 Summon Forest            Summ/Tloc      0%         N/A       100%        5
 Conjure Ball Lightning   Conj/Air       0%         3x3d6     100%        6
 Death Channel            Necr           0%         N/A       100%        6
 Eringya's Noxious Bog    Tmut/Pois      0%         N/A       100%        6
 Iron Shot                Conj/Erth      0%         9d1       100%        6
 Simulacrum               Ice/Necr       0%         N/A       100%        6
 Statue Form              Tmut/Erth      0%         N/A       100%        6
 Dragon Form              Tmut           0%         N/A       100%        7
 Orb of Destruction       Conj           0%         9d5       100%        7
 Ozocubu's Refrigeration  Ice            0%         4d5       100%        7
 Summon Hydra             Summ           0%         N/A       100%        7
 Ignition                 Fire           0%         3d3       100%        8
 Lehudib's Crystal Spear  Conj/Erth      0%         10d2      100%        8
 Dragon's Call            Summ           0%         N/A       100%        9

Inventory:

Hand Weapons
 a - a +9 executioner's axe of electrocution (weapon)
Missiles
 g - 11 silver boomerangs (quivered)
 j - 8 throwing nets {=f}
 A - 11 curare-tipped darts {=f}
 I - 5 silver javelins
 W - 22 javelins
Armour
 u - the +2 hood of the Assassin (worn) {Detection Stab+ Stlth++}
   (You found it on level 1 of the Depths)

   It allows the wearer to sense nearby creatures.
   It allows the wearer to make particularly effective stabbing attacks against
   helpless or unaware enemies with any weapon.
   Stlth:     It makes you much more stealthy.
 C - the +0 cloak of the Shining Light (worn) {rElec rC+ rN+ Regen+}
   (You found it on level 5 of the Vaults)

   rC:        It protects you from cold.
   rElec:     It insulates you from electricity.
   rN:        It protects you from negative energy.
   Regen:     It increases your rate of health regeneration.
 L - the +10 plate armour of Wu Jian's Condemnation (worn) {Fly Str-3 Int+6}
   (You took it off a vault guard on level 5 of the Vaults)

   Str:       It affects your strength (-3).
   Int:       It affects your intelligence (+6).
   Fly:       It grants you flight.
 R - the +2 pair of gloves of the Harvest (worn) {-Cast rF++ Slay+2}
   (You bought it in a shop on level 1 of the Depths)

   Slay:      It affects your accuracy & damage with ranged weapons and melee
   (+2).
   rF:        It greatly protects you from fire.
   -Cast:     It prevents spellcasting.
Jewellery
 x - an amulet of regeneration (around neck)
 E - the ring "Cotailie" {rPois Will+ AC+4}
   (You took it off a vault sentinel on level 5 of the Vaults)

   [ring of protection]

   AC:        It affects your AC (+4).
   rPois:     It protects you from poison.
   Will:      It increases your willpower.
 K - the ring of Shadows (right hand) {Umbra +Inv Stlth+}
   (You took it off a rakshasa on level 1 of the Depths)

   [ring of stealth]

   It surrounds you with an aura of shadow, increasing your stealth and reducing
   the accuracy of all others within it.
   +Inv:      It lets you turn invisible.
   Stlth:     It makes you more stealthy.
 P - an amulet of magic regeneration
 Y - a +4 ring of slaying (left hand)
Wands
 f - a wand of mindburst (23)
 q - a wand of acid (7)
 B - a wand of flame (73)
 F - a wand of iceblast (16)
 N - a wand of charming (15)
 Q - a wand of polymorph (33)
 U - a wand of paralysis (19)
 X - a wand of digging (2)
Scrolls
 b - 2 scrolls of blinking
 e - 4 scrolls of enchant armour
 l - 3 scrolls of teleportation {@r2}
 s - 2 scrolls of summoning
 t - 3 scrolls of amnesia
 v - 4 scrolls of fog
 y - 3 scrolls of magic mapping
 G - 8 scrolls of fear
 S - 2 scrolls of enchant weapon
Potions
 d - 4 potions of might
 h - 9 potions of curing {@q1}
 i - 11 potions of mutation
 m - 3 potions of heal wounds {@q2}
 n - 6 potions of resistance
 r - 4 potions of berserk rage {!q}
 w - 9 potions of flight
 H - 8 potions of brilliance
 J - 15 potions of lignification
 M - 6 potions of ambrosia
 O - 6 potions of attraction
 T - a potion of invisibility
 V - 2 potions of haste {@q3}
 Z - 2 potions of magic
Miscellaneous
 c - a lightning rod (4/4)
 k - a box of beasts
 o - a phial of floods
 p - a tin of tremorstones (2/2)
 z - a phantom mirror
 D - a condenser vane

Dungeon Overview and Level Annotations

Branches:
Dungeon (15/15)            Temple (0/1) D:7            Lair (6/6) D:11
 Shoals (4/4) Lair:2       Spider (4/4) Lair:2        Slime (0/5) Lair:5
    Orc (2/2) D:9             Elf (3/3) Orc:2        Vaults (5/5) D:13
  Crypt (3/3) Vaults:2       Tomb (0/3) Crypt:3      Depths (4/4) D:15
    Zot (1/5) Depths:4     WizLab (visited)

Altars:
Dithmenos
Elyvilon
Fedhas
Gozag
Hepliaklqana
Kikubaaqudgha
Makhleb
Nemelex Xobeh
Okawaru
Qazlal
Ru
Sif Muna
Trog
Wu Jian
Xom
Yredelemnul
Zin
The Shining One
Beogh

Shops:
Orc:1 [   Orc:2 :([*   Elf:2 (   Elf:3 :!   Shoals:2 [*   Shoals:3 *
Vaults:2 *   Vaults:4 !   Depths:1 ***

Portals:
Hell: Depths:1 Depths:2 Depths:3 Depths:4
Abyss: Depths:3
Pandemonium: Depths:2
Ziggurat: Depths:3

Annotations:
Shoals:1 Kaerusk's ghost, adept KoBe
Depths:1 1 runed translucent door, Camaan's ghost, adept DgCj

#....## **,,,, #.....######
*****,,,** ####...#...#
*#.,,,,,,* ...##......# #####
*#.#,⌠,,,,** ...###.....# #...#
*#.#*,,,,,,,*
...(.##...#####...###.##^,,,,,,,*
......................?..,,,,,,,*
.................§.......,.,,,*,*
................@z☼.....#z#,*,*,*
.....#...##...###D###.....,,,,,,*
...............⌠.○.##,..#.#,*,*,*
.................○○.#...D.y,,,,,*
...#....###......#..y#***,*,*>***
...#....#...#.....#...#,,,,,,,,*
...##...#...[###>..#....#,*,*,**
..((#####...## ##...#.....#****
.....## ##.#* *##.....(.##


You could see a golden dragon (berserk), a death cob and a moth of wrath.


Message History

* * * LOW HITPOINT WARNING * * *
The death cob drains your vigour!
You feel yourself slow down. The golden dragon bites you!
* * * LOW HITPOINT WARNING * * *
The golden dragon claws you.
* * * LOW HITPOINT WARNING * * *
The golden dragon tramples you!
* * * LOW HITPOINT WARNING * * *
You hold your ground!
The death cob hits you but does no damage.
The golden dragon is engulfed in blazing flames.
The moth of wrath is engulfed in blazing flames.
You kill the moth of wrath!
The death cob hits you but does no damage.
The golden dragon is engulfed in blazing flames.
The golden dragon barely misses you. The golden dragon closely misses you.
The golden dragon barely misses you. The death cob hits you!
* * * LOW HITPOINT WARNING * * *
The death cob drains your vigour!
You feel as though you will be slow longer.
As you read the scroll of magic mapping, it crumbles to dust.
You feel aware of your surroundings.
The death cob hits you but does no damage.
The golden dragon bites you!!
* * * LOW HITPOINT WARNING * * *
The golden dragon completely misses you.
The golden dragon tramples you!
You die...
Your body crumbles into a pile of gold.

Skill      XL: |  1  2  3  4  5  6  7  8  9 10 11 12 13 14 15 16 17 18 19 20 21 22 23 24 25 |
---------------+----------------------------------------------------------------------------+-----
Maces & Flails | 2 3 4 |  4.7
Axes           | 3 4 8 9 11 13 15 18 20 22 23 25 27 | 27.0
Fighting       | 5 6 8 9 12 15 16 | 16.2
Throwing       | 4 8 |  8.0
Evocations     | 7 8 |  8.0
Dodging        | 8 10 | 10.0
Armour         | 10 | 10.6
Stealth        | 4 13 18 22 25 | 25.8
Shields        | |  2.6

Action                   |  1- 3 |  4- 6 |  7- 9 | 10-12 | 13-15 | 16-18 | 19-21 | 22-24 | 25-27 || total
-------------------------+-------+-------+-------+-------+-------+-------+-------+-------+-------++-------
Melee: Flail             |   108 |    39 |       |    10 |       |       |       |       |       ||   157
       Executioner's axe |       |    78 |   178 |   309 |   691 |  1032 |   918 |  1181 |    53 ||  4440
       Unarmed           |       |       |       |       |     5 |       |       |       |       ||     5
       Kick              |       |       |       |       |       |   109 |   438 |   514 |    31 ||  1092
       Dagger            |       |       |       |       |       |       |       |     1 |       ||     1
Throw: Dart              |     1 |       |    24 |    17 |    20 |    74 |       |       |       ||   136
       Throwing net      |       |     1 |     2 |     1 |     1 |       |       |       |       ||     5
       Boomerang         |       |       |       |       |   144 |   265 |     1 |    38 |       ||   448
       Javelin           |       |       |       |       |     1 |       |       |       |       ||     1
Invok: Potion Petition   |       |     1 |       |       |       |       |       |       |       ||     1
       Call Merchant     |       |       |       |       |       |       |     2 |       |       ||     2
Evoke: Wand              |       |       |       |     1 |    15 |    22 |     2 |       |     2 ||    42
       Tin of tremorston |       |       |       |       |       |     2 |       |       |       ||     2
       Box of beasts     |       |       |       |       |       |       |       |     1 |       ||     1
  Use: Scroll            |       |     6 |     5 |    12 |    13 |    14 |     6 |    15 |     1 ||    72
       Potion            |       |       |     2 |       |     4 |    17 |     4 |    17 |       ||    44
 Stab: Distracted        |       |       |       |     4 |     1 |     9 |    11 |    36 |       ||    61
       Invisible         |       |       |       |       |     4 |       |       |       |       ||     4
       Petrified         |       |       |       |       |       |     2 |       |       |       ||     2
       Petrifying        |       |       |       |       |       |     1 |       |       |       ||     1
       Paralysed         |       |       |       |       |       |     1 |       |       |       ||     1
       Sleeping          |       |       |       |       |       |       |     7 |    69 |    11 ||    87
Armor: Scale mail        |    61 |    51 |    43 |   116 |   176 |   142 |       |       |       ||   589
       Chain mail        |       |       |       |       |       |    29 |       |       |       ||    29
       Plate armour      |       |       |       |       |       |   215 |   207 |   389 |    27 ||   838
       Ring mail         |       |       |       |       |       |       |       |    39 |       ||    39
Dodge: Dodged            |    47 |    43 |   129 |   243 |   500 |   672 |   418 |   481 |    30 ||  2563
       Repelled          |       |       |       |       |       |       |       |       |     2 ||     2
Block: Buckler           |    28 |    16 |       |       |       |       |       |       |       ||    44
       Other             |       |    23 |    29 |       |       |       |       |       |       ||    52
       Reflection        |       |     1 |     1 |       |       |       |       |       |       ||     2

Levels and vault maps discovered:
D:1:      dpeg_arrival_renting, layout_basic,
          shapermc_ecumenical_altar_rom_forum, minmay_unequal
D:2:      layout_basic, basic_altar
D:3:      layout_rooms
D:4:      minmay_inner_zag, layout_cave_pools,
          yredelemnul_forgotten_temple_becter, gammafunk_ghost_necromancy,
          serial_glass, glass_columns_a, glass_columns_b,
          palyth_stone_intersect, amcnicky_mini_rare_corridor_liquid
D:5:      layout_loops_ring
D:6:      layout_gridville, lemuel_zombie_altar_kikubaaqudgha, uniq_sigmund
D:7:      layout_loops_cross, minmay_temple_entry_statues
D:8:      layout_basic, trog_hazing_becter, minitemple
D:9:      layout_cave_pods, fedhas_altar_2, old_standard_altar, orc_0_dummy,
          kennysheep_nub, due_unseen_surprise, uniq_prince_ribbit1
D:10:     layout_loops_ring, ebering_ghost_reflecting_pool
D:11:     layout_basic, minmay_lair_entry_grove, serial_undead, serial_undead_e,
          serial_undead_b, serial_undead_f, serial_undead_b,
          ebering_ghost_reflecting_pool, uniq_gastronok, uniq_psyche
D:12:     layout_basic
D:13:     layout_long_grid, david_vaults_5, grunt_decor_junction
D:14:     layout_irregular_city, minmay_misc_feat_square
D:15:     hangedman_depths_entry_try_elsewhere_first, layout_gridville,
          good_gods_temple_1, statue_in_the_mist_lemuel, minmay_misc_feat_roman,
          uniq_roxanne
Lair:1:   statuecave_lemuel, layout_regular_city
Lair:2:   layout_roguey, minmay_shoals_entry_centaurs, spider_nest_entry_rubble,
          nicolae_quartered_pool_impasse
Lair:3:   layout_cave_shapes, gauntlet_entry_generic,
          nicolae_volcano_entry_hallway
Lair:4:   layout_concentric_octagons
Lair:5:   nzn_motion_control, layout_loops_ring,
          minmay_slime_entry_oklob_enclosed, beast_lair_carwin_9
Lair:6:   gammafunk_lair_ancient_temple, layout_long_grid, st_stairs_3,
          uniq_snorg
Shoals:1: layout_shoals, gammafunk_ghost_tricky_traps, uniq_louise
Shoals:2: layout_shoals, serial_shops, nicolae_square_shop,
          nicolae_stop_n_shop_1, nicolae_shoals_beach_house_on_fowls_legs
Shoals:3: layout_shoals, serial_shops, nicolae_shop_waterfront,
          wheals_shoals_ruined_temple
Shoals:4: shoals_end_simple, layout_shoals, uniq_polyphemus
Spider:1: layout_chambers, hangedman_spider_tarantella_strand
Spider:2: layout_spider_delve, hive_lemuel, uniq_agnes, uniq_mlioglotl,
          uniq_kirke, uniq_nikola
Spider:3: layout_spider_delve
Spider:4: spider_rune_water, worms_lemuel
Orc:1:    layout_diamond_mine, serial_shops,
          nicolae_shop_temple_entry_statues_fountains, elves_outpost_lemuel
Orc:2:    grunt_orc_cross, layout_diamond_mine
Elf:1:    elf_arrival_001, layout_rooms, hangedman_elven_crosses_minicolossus,
          uniq_azrael, uniq_aizul
Elf:2:    nicolae_elf_blades_splatter_lattice [nicolae_blade_tridents],
          layout_gridlike, grunt_ministairs_12, nicolae_stop_n_shop_2,
          library_closet
Elf:3:    minmay_elf_hall_dome, layout_loops_cross, serial_shops,
          nicolae_shop_stone, shop_fountains
Vaults:1: nicolae_vaults_twisting_passages,
          vaults_standard_mumra_enter_the_diamond, v_pattern_4,
          vaults_mumra_minichess, vaults_room_corners, vaults_dpeg_cross,
          v_misc_19, hangedman_vaults_corner_blocks,
          nicolae_vaults_angled_halls, ontoclasm_vaults_decontamination,
          nicolae_vaults_ninety_degrees, nicolae_vaults_angled_halls,
          nicolae_vaults_little_ls, vaults_dpeg_ring, layout_vaults_chaotic_city
Vaults:2: serial_ice_h, minmay_crypt_entry_simple_box, vaults_room_pool,
          vaults_standard_mumra_enter_the_diamond, v_misc_1,
          vaults_room_corners, layout_vaults_omnigrid, serial_shops, shop
Vaults:3: nicolae_vaults_stairing_the_circle, hangedman_vaults_stream,
          st_diamondy, v_pattern_5, ontoclasm_vaults_spin,
          ontoclasm_vaults_bender, nicolae_vaults_little_squares_3,
          nicolae_vaults_border_crossing, dpeg_vaults_monster_box,
          nicolae_vaults_circle_grid_a, ontoclasm_vaults_twist,
          layout_vaults_omnicross
Vaults:4: ontoclasm_vaults_hangar, v_rooms_1, v_misc_23,
          vaults_room_ringed_pool, v_misc_26, grunt_vaults_twisty, v_rooms_4,
          grunt_vaults_hallway_short, hangedman_vaults_cutoff,
          ontoclasm_vaults_pinch, layout_vaults_ring, serial_shops, shop
Vaults:5
Crypt:1:  layout_misc_corridors, mu_enter_wizlab_3, uniq_xtahua, uniq_donald,
          uniq_mennas
Crypt:2:  layout_gridlike, uniq_jory, uniq_frederick
Crypt:3:  cryptofortress_bobbens
Depths:1: regret_index_dithmenos_brocken_genspenst, layout_cave_pools,
          ebering_ghost_xom, grunt_hell_entry_dis_mu,
          grunt_pan_entry_in_and_out, hangedman_abyss_or_decor_stagger,
          nicolae_concentric_dashed_squares_wild, nicolae_blasting_shop,
          nicolae_qazlal_scattered_showers
Depths:2: wad_guarded_room, layout_gridlike, hell_entry, led_sif_pool,
          rand_demon_pan_entry_5
Depths:3: minmay_complete_graph, layout_gridville, enter_ziggurat_c,
          grunt_metal_band, abyss_entry, uniq_margery
Depths:4: grunt_zot_entry_tricorne, layout_basic, basic_altar, hell_entry,
          serial_bayou_shore_a
Zot:1:    layout_misc_corridors, st_stairs_8

Notes
Turn   | Place    | Note
-------+----------+-------------------------------------------
     0 | D:1      | Drazool the Demonspawn Fighter began the quest for the Orb.
     0 | D:1      | Reached XP level 1. HP: 18/18 MP: 1/1
    57 | D:1      | Reached skill level 2 in Maces & Flails
   140 | D:1      | Gained mutation: Your demonic aura sometimes causes spilled
                  | blood to erupt in flames. [demonic ancestry]
   140 | D:1      | Reached XP level 2. HP: 24/24 MP: 2/2
   294 | D:1      | Found a faded altar of an unknown god.
   302 | D:1      | Got Plato's Volume of the Glacier
   303 | D:1      | Prayed at the altar of an unknown god.
   303 | D:1      | Became a worshipper of Gozag Ym Sagoz the Greedy
   625 | D:1      | Reached skill level 3 in Maces & Flails
   910 | D:2      | Reached XP level 3. HP: 29/29 MP: 3/3
  1370 | D:2      | Found an iron altar of Okawaru.
  1928 | D:3      | Reached skill level 4 in Maces & Flails
  1928 | D:3      | Reached XP level 4. HP: 30/35 MP: 4/4
  2421 | D:4      | Reached XP level 5. HP: 19/41 MP: 5/5
  2595 | D:4      | Identified a scroll of acquirement
  2595 | D:4      | Acquired a +2 executioner's axe of electrocution
  2659 | D:4      | Reached skill level 1 in Axes
  2823 | D:4      | Reached skill level 2 in Axes
  2959 | D:4      | Noticed an ice beast
  2967 | D:4      | Killed an ice beast
  2968 | D:4      | Reached skill level 3 in Axes
  2968 | D:4      | Gained mutation: You sometimes gain a little power by
                  | taking damage. [demonic ancestry]
  2968 | D:4      | Reached XP level 6. HP: 17/47 MP: 6/6
  3245 | D:4      | Reached skill level 4 in Axes
  3452 | D:4      | Found a runed translucent gate.
  3452 | D:4      | Found a runed translucent gate.
  3453 | D:4      | Found a runed translucent gate.
  3457 | D:4      | Noticed Jase's ghost (novice OgAM)
  3648 | D:4      | HP: 4/47 [orc priest/divine providence (12)]
  3654 | D:4      | Gained mutation: You are surrounded by a mild repulsion
                  | field. (EV +2) [demonic ancestry]
  3654 | D:4      | Reached XP level 7. HP: 5/52 MP: 7/7
  4122 | D:4      | Reached skill level 5 in Axes
  4289 | D:5      | Entered Level 5 of the Dungeon
  4800 | D:5      | Reached skill level 6 in Axes
  5416 | D:5      | Identified the +1 scale mail "Feimmo" {rElec rPois Str+3}
  6108 | D:6      | Noticed a two-headed ogre
  6116 | D:6      | Killed a two-headed ogre
  6117 | D:6      | Reached skill level 8 in Axes
  6117 | D:6      | Gained mutation: Your demonic aura often causes spilled
                  | blood to erupt in flames. [demonic ancestry]
  6117 | D:6      | Reached XP level 8. HP: 47/58 MP: 8/8
  6306 | D:6      | Found an ancient bone altar of Kikubaaqudgha.
  6642 | D:6      | Identified the +1 falchion of Anxiety {vorpal, rPois rCorr
                  | MP-9 Str+8}
  6651 | D:6      | Noticed Sigmund
  6671 | D:6      | Killed Sigmund
  7028 | D:7      | Reached skill level 9 in Axes
  7372 | D:7      | Noticed a hornet
  7383 | D:7      | Killed a hornet
  7384 | D:7      | Gained mutation: Your demonic aura causes all spilled blood
                  | to erupt in flames. [demonic ancestry]
  7384 | D:7      | Reached XP level 9. HP: 35/63 MP: 9/9
  7797 | D:7      | Reached skill level 10 in Axes
  8138 | D:7      | Found a staircase to the Ecumenical Temple.
  8328 | D:7      | Identified the +7 dagger "Zeruoqik" {protect, rElec rC+
                  | Will+ Int-4}
  8848 | D:8      | Noticed a two-headed ogre
  8855 | D:8      | Killed a two-headed ogre
  8856 | D:8      | Reached skill level 4 in Fighting
  8856 | D:8      | Reached skill level 11 in Axes
  9019 | D:8      | Reached skill level 5 in Fighting
  9166 | D:8      | Found a burning altar of Makhleb.
  9167 | D:8      | Found a shimmering altar of Xom.
  9167 | D:8      | Found an ornate altar of the Wu Jian Council.
  9169 | D:8      | Found a sparkling altar of Nemelex Xobeh.
  9172 | D:8      | Found an iron altar of Okawaru.
  9192 | D:8      | Found a bloodstained altar of Trog.
  9397 | D:8      | Reached XP level 10. HP: 74/74 MP: 10/10
  9739 | D:9      | You fall into a shaft and drop 2 floors!
  9739 | D:11     | Found a staircase to the Lair.
  9742 | D:11     | Noticed Psyche
  9747 | D:11     | Reached skill level 6 in Fighting
  9882 | D:11     | Noticed Gastronok
  9894 | D:11     | Killed Gastronok
  9895 | D:11     | Reached skill level 12 in Axes
  9991 | D:11     | Noticed a cyclops
 10196 | D:11     | Reached skill level 13 in Axes
 10331 | D:10     | Entered Level 10 of the Dungeon
 10525 | D:9      | Noticed Prince Ribbit
 10539 | D:9      | Killed Prince Ribbit
 10603 | D:9      | Found a hazy altar of Hepliaklqana.
 10691 | D:9      | Found a staircase to the Orcish Mines.
 10713 | D:9      | Found a blossoming altar of Fedhas.
 10889 | D:9      | Noticed a boulder beetle
 10917 | D:9      | Killed a boulder beetle
 11467 | D:10     | Reached XP level 11. HP: 81/81 MP: 11/11
 11552 | D:10     | Found a runed translucent door.
 11558 | D:10     | Noticed hito's ghost (journeyman DrAr)
 11639 | D:10     | Reached skill level 14 in Axes
 12025 | D:10     | Noticed a two-headed ogre
 12048 | D:10     | Killed a two-headed ogre
 12049 | D:10     | Reached skill level 7 in Fighting
 12285 | D:11     | Found a runed translucent door.
 12336 | D:11     | Noticed pkoi's ghost (journeyman MiGl)
 12670 | D:11     | Killed Psyche
 13056 | Lair:1   | Entered Level 1 of the Lair of Beasts
 13065 | Lair:1   | Reached skill level 8 in Fighting
 13395 | Lair:1   | Reached skill level 15 in Axes
 13866 | Lair:2   | Noticed a six-headed hydra
 13877 | Lair:2   | Killed a seven-headed hydra
 14125 | Lair:2   | Found a hole to the Spider Nest.
 14552 | Lair:2   | Gained mutation: You have large cloven feet. [demonic
                  | ancestry]
 14552 | Lair:2   | Reached XP level 12. HP: 92/92 MP: 12/12
 14585 | Lair:2   | Found a staircase to the Shoals.
 14588 | Lair:2   | Reached skill level 16 in Axes
 15409 | Lair:3   | You fall into a shaft and drop 1 floor!
 15418 | Lair:4   | Noticed a death yak
 15418 | Lair:4   | Noticed a death yak
 15431 | Lair:4   | Killed a death yak
 15437 | Lair:4   | Killed a death yak
 15438 | Lair:4   | Reached skill level 17 in Axes
 15830 | Lair:3   | Noticed an eight-headed hydra
 16087 | Lair:3   | Killed an eight-headed hydra
 16470 | Lair:3   | Identified the +1 ring mail "Voemum" {rElec rC- Dex+6}
 16904 | Lair:4   | Noticed a six-headed hydra
 16919 | Lair:4   | Killed a six-headed hydra
 17341 | Lair:5   | Noticed a catoblepas
 17341 | Lair:5   | Noticed a catoblepas
 17389 | Lair:5   | Reached skill level 18 in Axes
 17549 | Lair:5   | Noticed a death yak
 17552 | Lair:5   | Noticed a death yak
 17565 | Lair:5   | Killed a death yak
 17648 | Lair:5   | Noticed a death yak
 17660 | Lair:5   | Killed a death yak
 17661 | Lair:5   | Reached XP level 13. HP: 94/98 MP: 13/13
 18310 | Lair:5   | Reached skill level 19 in Axes
 18759 | Lair:5   | Identified the +0 leather armour of Secsuuwk {Regen+ Str+4
                  | Int-5}
 18837 | Lair:5   | Found a staircase to the Slime Pits.
 19000 | Lair:6   | Entered Level 6 of the Lair of Beasts
 19816 | Lair:6   | Noticed a dire elephant
 19827 | Lair:6   | Killed a dire elephant
 20042 | Lair:5   | Reached skill level 20 in Axes
 20522 | Lair:6   | Reached skill level 9 in Fighting
 21031 | Lair:6   | Reached XP level 14. HP: 108/108 MP: 14/14
 21482 | Orc:1    | Entered Level 1 of the Orcish Mines
 21492 | Orc:1    | You fall into a shaft and drop 1 floor!
 21492 | Orc:2    | Entered Level 2 of the Orcish Mines
 21494 | Orc:2    | Found a staircase to the Elven Halls.
 22081 | Orc:1    | Reached skill level 10 in Fighting
 22578 | Orc:1    | Found Meolugof's Antique Armour Emporium.
 23417 | Orc:2    | Noticed an orc warlord
 23596 | Orc:1    | Killed an orc warlord
 24084 | Orc:2    | Paralysed by an orc sorcerer for 4 turns
 24093 | Orc:2    | Reached skill level 11 in Fighting
 25776 | Orc:2    | Found Etotise's Antique Armour Shoppe.
 25838 | Orc:2    | Found Cavetat's General Store.
 25852 | Orc:2    | Bought a scroll of enchant armour for 112 gold pieces
 25977 | Orc:2    | Found Lapa's Book Shoppe.
 25993 | Orc:2    | Found Nilo's Antique Weapon Shoppe.
 26016 | Orc:2    | Bought a runed plate armour for 624 gold pieces
 27996 | D:13     | Reached skill level 12 in Fighting
 28144 | D:13     | Reached skill level 1 in Throwing
 28300 | D:13     | Reached skill level 2 in Throwing
 28314 | D:13     | Found a gate to the Vaults.
 28883 | D:14     | Reached skill level 3 in Throwing
 29622 | D:14     | Reached skill level 4 in Throwing
 29984 | D:14     | Reached XP level 15. HP: 112/113 MP: 15/15
 30341 | D:15     | Entered Level 15 of the Dungeon
 30383 | D:15     | Reached skill level 21 in Axes
 30803 | D:15     | Identified 2 potions of resistance
 31189 | D:15     | Reached skill level 5 in Throwing
 31529 | D:15     | Found a staircase to the Depths.
 32068 | D:15     | Identified Roxanne's Tome of Earth
 32068 | D:15     | Noticed Roxanne
 32091 | D:15     | Killed Roxanne
 32389 | Spider:1 | Entered Level 1 of the Spider Nest
 32551 | Spider:1 | Reached skill level 6 in Throwing
 34003 | Spider:1 | Noticed an emperor scorpion
 34012 | Spider:1 | Killed an emperor scorpion
 34809 | Spider:2 | Noticed Mlioglotl
 34809 | Spider:2 | Noticed Nikola
 34816 | Spider:1 | Killed Nikola
 34817 | Spider:1 | Reached skill level 7 in Throwing
 34924 | Spider:2 | Killed Mlioglotl
 35018 | Spider:2 | Noticed an emperor scorpion
 35030 | Spider:2 | Killed an emperor scorpion
 35807 | Spider:2 | Noticed Kirke
 35924 | Spider:1 | Reached skill level 8 in Throwing
 35926 | Spider:1 | Killed Kirke
 36234 | Spider:2 | Noticed Agnes
 36245 | Spider:2 | Killed Agnes
 36545 | Spider:2 | Reached skill level 22 in Axes
 37413 | Spider:2 | Reached XP level 16. HP: 89/127 MP: 4/16
 38413 | Spider:3 | Reached skill level 1 in Evocations
 39226 | Spider:4 | Entered Level 4 of the Spider Nest
 39501 | Spider:4 | Reached skill level 2 in Evocations
 39723 | Spider:4 | HP: 9/127 [something (7)]
 40472 | Spider:4 | Reached skill level 3 in Evocations
 41850 | Spider:4 | Reached skill level 4 in Evocations
 42137 | Spider:4 | Reached skill level 5 in Evocations
 42751 | Spider:4 | Reached skill level 23 in Axes
 43764 | Spider:4 | Reached skill level 6 in Evocations
 43818 | Spider:4 | Got a gossamer rune of Zot
 44032 | Shoals:1 | Entered Level 1 of the Shoals
 44327 | Orc:1    | Bought a runed plate armour for 884 gold pieces
 44548 | Shoals:1 | Noticed Louise
 44873 | Shoals:1 | Killed Louise
 45761 | Shoals:1 | Reached skill level 7 in Evocations
 45934 | Shoals:1 | Found a runed translucent gate.
 45934 | Shoals:1 | Found a runed translucent gate.
 45935 | Shoals:1 | Found a runed translucent gate.
 45937 | Shoals:1 | Noticed Kaerusk's ghost (adept KoBe)
 46464 | Shoals:1 | Noticed a kraken
 46525 | Shoals:1 | Killed a kraken
 47276 | Shoals:1 | Identified the +2 pair of gloves "Sylicoit" {Rampage MP+9
                  | Int-5}
 47499 | Shoals:2 | Gained mutation: You have hoof-like feet. [demonic
                  | ancestry]
 47499 | Shoals:2 | Reached XP level 17. HP: 133/133 MP: 17/17
 47544 | Shoals:2 | Reached skill level 8 in Evocations
 47641 | Shoals:2 | Found Noczoz's Assorted Antiques.
 47649 | Shoals:2 | Bought a scroll of blinking for 240 gold pieces
 47973 | Shoals:2 | Found Huunu's Armour Shop.
 48104 | Shoals:2 | Bought a +0 plate armour of willpower for 480 gold pieces
 48349 | Shoals:2 | Identified the +8 flail of a ziggurat {holy, Fragile rN+++
                  | rCorr Stlth-}
 50508 | Shoals:3 | Found Nuch's Assorted Antiques.
 50534 | Shoals:3 | Bought a wand of acid (6) for 312 gold pieces
 50609 | Shoals:3 | Reached skill level 24 in Axes
 50862 | Shoals:3 | Noticed a kraken
 50900 | Shoals:3 | Killed a kraken
 51436 | Shoals:4 | Entered Level 4 of the Shoals
 52142 | Shoals:4 | Acquired the +1 cloak of Dubraxyo {Rampage Str+3}
 52201 | Shoals:4 | Noticed Polyphemus
 53054 | Shoals:4 | Killed Polyphemus
 53980 | Shoals:4 | Reached skill level 25 in Axes
 54181 | Shoals:4 | HP: 8/133 [merfolk javelineer/javelin (8)]
 54618 | Shoals:4 | Got a barnacled rune of Zot
 55095 | Elf:1    | Entered Level 1 of the Elven Halls
 55095 | Elf:1    | Noticed Aizul
 55103 | Elf:1    | Killed Aizul
 55162 | Elf:1    | Noticed Azrael
 55424 | Elf:1    | Killed Azrael
 55494 | Elf:1    | Gained mutation: You have hooves in place of feet. [demonic
                  | ancestry]
 55494 | Elf:1    | Reached XP level 18. HP: 126/140 MP: 18/18
 56522 | Elf:1    | Paralysed by an air elemental for 1 turns
 56947 | Elf:1    | Reached skill level 26 in Axes
 57082 | Elf:2    | Found Nemuk's Weapon Emporium.
 57089 | Elf:2    | Noticed an Ice Fiend
 57781 | Elf:2    | Found a runed translucent gate.
 57781 | Elf:2    | Found a runed translucent gate.
 57781 | Elf:2    | Found a runed translucent gate.
 58530 | Elf:2    | Paralysed by an air elemental for 1 turns
 58726 | Elf:2    | Paralysed by an air elemental for 1 turns
 58834 | Elf:2    | Paralysed by an air elemental for 1 turns
 59709 | Vaults:1 | Entered Level 1 of the Vaults
 61658 | Vaults:1 | Reached skill level 27 in Axes
 62234 | Vaults:2 | Gained mutation: You are surrounded by a moderate repulsion
                  | field. (EV +3) [demonic ancestry]
 62234 | Vaults:2 | Reached XP level 19. HP: 139/148 MP: 19/19
 62286 | Vaults:2 | Reached skill level 13 in Fighting
 62291 | Vaults:2 | Reached skill level 1 in Dodging
 62645 | Vaults:2 | Found a staircase to the Crypt.
 62754 | Vaults:2 | Reached skill level 2 in Dodging
 63142 | Vaults:2 | Reached skill level 3 in Dodging
 63626 | Vaults:2 | Reached skill level 14 in Fighting
 63964 | Vaults:2 | Found Liodauw's General Store.
 63972 | Vaults:2 | Bought a scroll of fear for 59 gold pieces
 63972 | Vaults:2 | Bought a scroll of enchant weapon for 127 gold pieces
 63972 | Vaults:2 | Bought a scroll of summoning for 161 gold pieces
 63985 | Vaults:2 | You fall into a shaft and drop 1 floor!
 64394 | Vaults:3 | Reached skill level 4 in Dodging
 64527 | Vaults:3 | HP: 12/153 [war gargoyle[a peacekeeper] (34)]
 66014 | Vaults:3 | Reached skill level 15 in Fighting
 66014 | Vaults:3 | Reached skill level 5 in Dodging
 66604 | Vaults:3 | Reached skill level 6 in Dodging
 66942 | Vaults:3 | Reached skill level 7 in Dodging
 67180 | Vaults:3 | Reached skill level 8 in Dodging
 68051 | Vaults:3 | Reached XP level 20. HP: 154/162 MP: 20/20
 68055 | Vaults:3 | Reached skill level 9 in Dodging
 68847 | Vaults:4 | Reached skill level 10 in Dodging
 68966 | Vaults:4 | Found Kax Mop's Distillery.
 68974 | Vaults:4 | Bought 2 potions of invisibility for 224 gold pieces
 69001 | Vaults:4 | Reached skill level 3 in Armour
 69128 | Vaults:4 | Reached skill level 4 in Armour
 69453 | Vaults:4 | Reached skill level 5 in Armour
 69917 | Vaults:4 | Reached skill level 6 in Armour
 70381 | Vaults:4 | Reached skill level 7 in Armour
 70762 | Vaults:4 | Reached skill level 8 in Armour
 71427 | Vaults:4 | Reached skill level 9 in Armour
 71738 | Depths:1 | Entered Level 1 of the Depths
 72004 | Depths:1 | Found Leising's Demolitions Depot.
 72062 | Depths:1 | Found a runed translucent door.
 72063 | Depths:1 | Found a shimmering altar of Xom.
 72063 | Depths:1 | Noticed Camaan's ghost (adept DgCj)
 72509 | Depths:1 | Reached skill level 10 in Armour
 73212 | Depths:1 | Found the +2 hood of the Assassin {Detection Stab+ Stlth++}
 73222 | Depths:1 | Found a shadowy altar of Dithmenos.
 73375 | Depths:1 | Identified a +2 robe of the Archmagi
 73413 | Depths:1 | Reached skill level 1 in Stealth
 73578 | Depths:1 | Found a stormy altar of Qazlal.
 73704 | Depths:1 | Reached skill level 2 in Stealth
 73774 | Depths:1 | Found a gateway to Hell.
 73821 | Depths:1 | Bought the +2 pair of gloves of the Harvest {-Cast rF++
                  | Slay+2} for 888 gold pieces
 73874 | Depths:2 | Reached skill level 3 in Stealth
 74067 | Depths:2 | Found a shimmering blue altar of Sif Muna.
 74485 | Depths:2 | Found a one-way gate leading to the halls of Pandemonium.
 74512 | Depths:2 | Reached skill level 4 in Stealth
 74552 | Depths:2 | Gained mutation: You sometimes gain power by taking damage.
                  | [demonic ancestry]
 74552 | Depths:2 | Reached XP level 21. HP: 159/168 MP: 21/21
 74697 | Depths:2 | Reached skill level 5 in Stealth
 75161 | Depths:2 | Reached skill level 6 in Stealth
 75681 | Depths:2 | Reached skill level 7 in Stealth
 76245 | Depths:2 | Reached skill level 8 in Stealth
 76863 | Depths:2 | Reached skill level 9 in Stealth
 77055 | Depths:3 | Found a one-way gate to the infinite horrors of the Abyss.
 77990 | Depths:3 | Reached skill level 10 in Stealth
 78453 | Depths:3 | Noticed a golden dragon
 78467 | Depths:3 | Killed a golden dragon
 78468 | Depths:3 | Reached skill level 11 in Stealth
 78777 | Depths:3 | Noticed a golden dragon
 78780 | Depths:3 | Killed a golden dragon
 78821 | Depths:3 | Identified the +8 battleaxe of Resourcefulness {protect,
                  | rPois Str-2 Int+4}
 79439 | Depths:3 | Reached skill level 12 in Stealth
 79793 | Depths:3 | Identified the +5 dire flail "Waibb" {spect, *Rage rElec
                  | Str+4 Int+3}
 79799 | Depths:3 | Noticed a golden dragon
 79807 | Depths:3 | Killed a golden dragon
 79817 | Depths:3 | HP: 15/168 [poison (poison gas)]
 79822 | Depths:3 | HP: 11/168 [poison (poison gas)]
 80266 | Depths:3 | Found a one-way gateway to a ziggurat.
 80422 | Depths:3 | Noticed a golden dragon
 80428 | Depths:3 | Killed a golden dragon
 80645 | Depths:3 | Reached skill level 13 in Stealth
 80955 | Depths:3 | Noticed Margery
 81356 | Depths:3 | Killed Margery
 81568 | Depths:4 | Entered Level 4 of the Depths
 81585 | Depths:4 | Reached XP level 22. HP: 160/175 MP: 22/22
 81590 | Depths:4 | Reached skill level 14 in Stealth
 82642 | Depths:4 | Reached skill level 15 in Stealth
 83165 | Depths:4 | Found a sacrificial altar of Ru.
 83171 | Depths:4 | Identified the +8 ring mail of Ashenzari's Reproof {Will+
                  | Str+3 Int+2}
 83380 | Depths:4 | Found a gate to the Realm of Zot.
 83380 | Depths:4 | Noticed a golden dragon
 83711 | Depths:4 | Killed a golden dragon
 83980 | Depths:4 | HP: 2/175 [something/bolt of lightning (39)]
 84960 | D:11     | Killed pkoi's ghost
 85117 | D:4      | Killed Jase's ghost
 85204 | D:4      | Found a basalt altar of Yredelemnul.
 85342 | D:10     | Killed hito's ghost
 85343 | D:10     | Reached skill level 16 in Stealth
 87461 | Vaults:5 | Entered Level 5 of the Vaults
 87464 | Vaults:5 | Noticed a dread lich
 87467 | Vaults:5 | Killed a dread lich
 87468 | Vaults:5 | Reached skill level 17 in Stealth
 87497 | Vaults:5 | Identified the +0 cloak of the Shining Light {rElec rC+ rN+
                  | Regen+}
 87730 | Vaults:5 | Noticed an ancient lich
 87857 | Vaults:5 | Killed an ancient lich
 88184 | Vaults:5 | Noticed an ancient lich
 88198 | Vaults:5 | Killed an ancient lich
 88199 | Vaults:5 | Reached skill level 18 in Stealth
 88200 | Vaults:5 | Noticed a golden dragon
 88217 | Vaults:5 | Identified the +2 trident of Vuroukhui {vorpal, Dex+3}
 88222 | Vaults:5 | Killed a golden dragon
 88372 | Vaults:5 | Identified the +10 plate armour of Wu Jian's Condemnation
                  | {Fly Str-3 Int+6}
 88611 | Vaults:5 | Identified the ring "Cotailie" {rPois Will+ AC+4}
 88636 | Vaults:5 | Gained mutation: You are powered by pain. [demonic
                  | ancestry]
 88636 | Vaults:5 | Reached XP level 23. HP: 181/181 MP: 23/23
 88705 | Vaults:5 | Reached skill level 19 in Stealth
 88732 | Vaults:5 | Got the Compendium of the Valley of Death
 88818 | Vaults:5 | Identified the +6 short sword of the Boar {antimagic, rElec
                  | rPois rN+ Str-4}
 89015 | Vaults:5 | Reached skill level 20 in Stealth
 89062 | Vaults:5 | Identified the +4 short sword of the Neverending Hosts
                  | {flame, Str+3 Int+3}
 89155 | Vaults:5 | Noticed an ancient lich
 89165 | Vaults:5 | Killed an ancient lich
 89455 | Vaults:5 | Reached skill level 21 in Stealth
 89665 | Vaults:5 | Identified the ring of the Red Skies {rPois Will++ rCorr
                  | Int+2}
 89689 | Vaults:5 | Identified the +1 plate armour of Crawling {+Blink Int+4}
 90093 | Vaults:5 | Got a silver rune of Zot
 90518 | Elf:3    | Entered Level 3 of the Elven Halls
 90591 | Elf:3    | Found Geyttiv's Book Shop.
 90702 | Elf:3    | Found Moehinal's Distillery.
 90748 | Elf:3    | Bought a potion of haste for 170 gold pieces
 90748 | Elf:3    | Bought a potion of haste for 170 gold pieces
 90748 | Elf:3    | Bought a potion of heal wounds for 85 gold pieces
 90748 | Elf:3    | Bought a potion of curing for 51 gold pieces
 90748 | Elf:3    | Bought a potion of curing for 51 gold pieces
 91062 | Elf:3    | Reached skill level 22 in Stealth
 91162 | Elf:3    | HP: 15/181 [deep elf annihilator/crystal spear (53)]
 91308 | Elf:3    | Gained mutation: Your hexes are more powerful. [demonic
                  | ancestry]
 91308 | Elf:3    | Reached XP level 24. HP: 186/188 MP: 23/23
 91481 | Elf:3    | Identified the +9 trident of Inference {vorpal, rF+ rN++
                  | Dex-2}
 91481 | Elf:3    | Identified the +1 robe "Bijitruf" {Rampage rC+ Str+3 Int+7}
 91481 | Elf:3    | Identified the ring of the King {rF+ rC+ Int+6 Dex+5}
 91504 | Elf:3    | Got the Catalogue of Confrontation
 91967 | Crypt:1  | Entered Level 1 of the Crypt
 92011 | Crypt:1  | Reached skill level 23 in Stealth
 92161 | Crypt:1  | Found a magical portal.
 92170 | WizLab   | Entered Zonguldrok's Shrine
 92627 | WizLab   | Noticed an antique lich
 92659 | WizLab   | Killed an antique lich
 92664 | WizLab   | Found the +9 sword of Zonguldrok {reap}
 92800 | Crypt:1  | Noticed Xtahua
 92809 | Crypt:1  | Killed Xtahua
 92829 | Crypt:1  | Identified the +10 quarterstaff of Dakhliott {freeze, Will+
                  | Int+2}
 92839 | Crypt:1  | Noticed Donald
 92846 | Crypt:1  | Killed Donald
 92999 | Crypt:1  | Identified a +1 robe of the Archmagi
 93027 | Crypt:1  | Reached skill level 24 in Stealth
 93054 | Crypt:1  | Noticed Mennas
 93082 | Crypt:1  | Noticed a curse skull
 93084 | Crypt:1  | Killed a curse skull
 93493 | Crypt:1  | Killed Mennas
 93988 | Crypt:2  | Noticed Frederick
 94012 | Crypt:2  | Killed Frederick
 94636 | Crypt:2  | Noticed Jory
 94658 | Crypt:2  | Killed Jory
 95389 | Crypt:2  | Reached skill level 25 in Stealth
 95495 | Crypt:3  | Entered Level 3 of the Crypt
 96146 | Crypt:3  | Found a staircase to the Tomb.
 96527 | Crypt:3  | Gained mutation: You are surrounded by a strong repulsion
                  | field. (EV +4, RMsl) [demonic ancestry]
 96527 | Crypt:3  | Reached XP level 25. HP: 186/197 MP: 23/23
 96575 | Crypt:3  | Reached skill level 16 in Fighting
 96859 | Crypt:3  | Found a basalt altar of Yredelemnul.
 96859 | Crypt:3  | Noticed an ancient lich
 96863 | Crypt:3  | Killed an ancient lich
 98049 | Zot:1    | Entered Level 1 of the Realm of Zot
 98138 | Zot:1    | HP: 12/197 [golden dragon (33)]
 98138 | Zot:1    | Slain by a golden dragon

Vanquished Creatures
  A dread lich (Vaults:5)
  5 ancient liches
  Mennas (Crypt:1)
  Frederick (Crypt:2)
  Xtahua (Crypt:1)
  Margery (Depths:3)
  Jory (Crypt:2)
  8 golden dragons
  Nikola (Spider:1)
  A bone dragon (Crypt:3)
  A Tzitzimitl (Depths:1)
  5 tentacled monstrosities
  6 liches
  A quicksilver dragon (Zot:1)
  Mlioglotl (Spider:2)
  2 deep elf blademasters
  8 titans
  3 walking divine tomes
  2 deep elf master archers (Elf:3)
  Polyphemus (Shoals:4)
  4 sphinxes
  11 tengu reavers
  6 ancient champions
  Gastronok (D:11)
  Kirke (Spider:1)
  2 krakens
  10 shadow dragons
  Agnes (Spider:2)
  Donald (Crypt:1)
  Roxanne (D:15)
  3 revenants
  A draconian knight (Depths:4)
  11 fire giants
  7 storm dragons
  A fenstrider witch (Shoals:2)
  4 iron dragons
  6 deep elf sorcerers
  Aizul (Elf:1)
  3 orc warlords
  9 frost giants
  4 emperor scorpions
  6 ghost moths
  5 ghouls
  Louise (Shoals:1)
  9 deep elf elementalists (Elf:3)
  21 vault wardens
  A curse skull (Crypt:1)
  A juggernaut zombie (Crypt:1)
  A draconian shifter (Depths:4)
  23 ironbound preservers
  A spriggan defender (Depths:3)
  A broodmother (Spider:1)
  18 very ugly things
  11 ironbound thunderhulks
  7 war gargoyles
  12 vampire knights
  19 stone giants
  A caustic shrike skeleton (Crypt:1)
  17 dire elephants
  A purple draconian (Depths:4)
  A black draconian (Depths:4)
  8 deep elf annihilators
  Azrael (Elf:1)
  3 entropy weavers
  5 deep elf demonologists
  2 yellow draconians (Depths:4)
  A red draconian (Depths:4)
  5 spark wasps
  5 merfolk impalers
  14 ettins
  3 crystal guardians (Crypt:3)
  5 eidola (Crypt:1)
  6 deep elf death magi
  9 yaktaur captains
  4 deep elf high priests
  8 merfolk javelineers
  3 jiangshi
  The ghost of hito the Fighter, a journeyman DrAr of Yredelemnul (D:10)
  The ghost of pkoi the Carver, a journeyman MiGl of the Shining One (D:11)
  8 great orbs of eyes
  10 ice dragons
  6 ironbound frosthearts
  A peacekeeper (Vaults:3)
  8 fire dragons
  34 vault guards
  6 rakshasas
  3 spriggan skeletons (Crypt:1)
  3 hydras
  2 jorogumos (Spider:2)
  An ogre mage (Vaults:5)
  3 merfolk avatars
  An alligator snapping turtle (Shoals:2)
  7 boulder beetles
  3 catoblepae
  8 deep troll shamans
  3 death knights
  5 merfolk aquamancers
  2 satyrs
  5 centaur warriors
  5 two-headed ogres
  An alligator (shapeshifter) (Vaults:5)
  9 death yaks
  9 vampire magi
  12 deep troll earth magi
  7 tengu warriors
  An orc high priest (Orc:2)
  7 spriggan berserkers
  A soul eater (Crypt:1)
  A titan zombie (Crypt:3)
  24 deep elf knights
  10 hell knights
  6 iron trolls
  6 pharaoh ants
  A bunyip zombie (Crypt:1)
  3 titan skeletons
  2 glowing orange brains
  A sun moth (Spider:4)
  A deep troll (shapeshifter) (Elf:3)
  3 anaconda zombies (Crypt:3)
  7 shadow wraiths
  A fire crab (shapeshifter) (Elf:3)
  3 steelbarb worms
  4 flayed ghosts
  An entropy weaver zombie (Crypt:2)
  57 skeletal warriors
  10 deep elf archers
  3 shadow demons (Depths:1)
  19 harpies
  9 orb spiders
  9 lindwurms
  7 sea snakes
  A bog body (Crypt:2)
  73 deep trolls
  The ghost of Jase the Chucker, a novice OgAM (D:4)
  8 wizards
  A bunyip skeleton (Crypt:1)
  A spriggan simulacrum (Crypt:1)
  8 phantasmal warriors
  A harpy (shapeshifter) (Elf:2)
  An iron giant skeleton (Crypt:2)
  22 deep elf zephyrmancers
  20 necromancers
  23 ironbound convokers
  40 deep elf pyromancers
  13 orc knights
  40 ugly things
  4 oklob plants (Lair:5)
  A stone giant zombie (Crypt:1)
  12 wolf spiders
  A salamander (shapeshifter) (Elf:1)
  2 orc sorcerers (Orc:2)
  15 manticores
  6 moths of wrath
  A fire giant zombie (Vaults:1)
  5 cyclopes
  A salamander (D:15)
  12 fauns
  A shadow dragon skeleton (Crypt:2)
  An elephant (Lair:6)
  8 merfolk sirens
  4 black mambas
  A dire elephant zombie (Crypt:1)
  A titan simulacrum (Crypt:1)
  9 water nymphs
  3 torpor snails
  15 vault sentinels
  13 cane toads
  An unseen horror (D:11)
  6 rime drakes
  Psyche (D:11)
  27 yaktaurs
  3 tengu conjurers
  11 komodo dragons
  16 demonic crawlers
  A death yak zombie (Crypt:2)
  4 freezing wraiths
  A minotaur skeleton (Crypt:1)
  5 trolls
  A hornet (shapeshifter) (Vaults:5)
  12 meliai
  16 wind drakes
  5 polar bears
  11 tarantellas
  36 merfolk
  10 snapping turtles
  2 ettin zombies
  13 hornets
  Prince Ribbit (D:9)
  4 harpy skeletons
  17 dream sheep
  A dream sheep (shapeshifter) (Vaults:5)
  7 blink frogs
  24 slime creatures
  An ettin skeleton (Vaults:1)
  39 flying skulls
  Sigmund (D:6)
  2 spriggans (Depths:2)
  3 vampires
  20 jumping spiders
  15 culicivoras
  A naga simulacrum (Crypt:1)
  15 water elementals
  4 air elementals
  12 wraiths
  6 wyverns
  A yak (shapeshifter) (D:14)
  12 fire elementals
  A human (Spider:2)
  38 yaks
  2 hogs (shapeshifter)
  2 hogs (Spider:1)
  2 steam dragons
  A basilisk (Lair:6)
  A redback (shapeshifter) (Vaults:5)
  6 vampire mosquitoes
  35 redbacks
  A warg (Orc:2)
  A chaos spawn (Depths:2)
  An acid dragon (shapeshifter) (D:15)
  A faun zombie (Crypt:2)
  4 two-headed ogre zombies (WizLab)
  11 water moccasins
  5 hell hounds
  3 ice beasts
  5 black bears
  31 orc warriors
  An ettin simulacrum (Vaults:1)
  7 necrophages
  35 wolves
  5 ogres
  A boggart (Vaults:3)
  7 centaurs
  A phantom (D:7)
  A rime drake zombie (Crypt:2)
  A snapping turtle skeleton (Crypt:1)
  A salamander zombie (Crypt:1)
  2 kobold brigands
  2 wyvern zombies
  A palentonga skeleton (Crypt:2)
  13 bullfrogs
  2 scorpions
  4 earth elementals
  A gnoll sergeant (D:11)
  A salamander skeleton (Crypt:1)
  A cyclops skeleton (Crypt:2)
  A water moccasin zombie (D:7)
  2 water moccasin skeletons (D:4)
  3 killer bees
  5 troll zombies (WizLab)
  15 wights
  3 electric eels
  6 howler monkeys
  3 centaur zombies
  3 hounds (D:4)
  26 orc priests
  A gnoll shaman (D:9)
  A bullfrog skeleton (D:6)
  2 centaur skeletons
  2 iguanas
  43 orc wizards
  9 hell rats
  8 ogre zombies (WizLab)
  2 killer bee zombies
  A mummy (D:11)
  A howler monkey zombie (D:9)
  8 gnolls
  A howler monkey skeleton (Crypt:2)
  6 adders
  2 white imps
  An adder skeleton (D:4)
  A worm (D:4)
  A dart slug (D:2)
  75 orcs
  7 ball pythons
  3 endoplasms
  4 giant cockroaches
  7 goblins
  5 hobgoblins
  10 jackals
  11 kobolds
  6 quokkas
  6 bats
  A frilled lizard (D:1)
  A jackal skeleton (Crypt:1)
  A jackal zombie (Crypt:1)
  6 rats
  2 rat zombies (D:6)
  A spectral orc (D:4)
  7 tentacles
2024 creatures vanquished.

Vanquished Creatures (others)
  46 dancing weapons
  A water elemental (Elf:2)
  A human (Spider:2)
  A bush (Lair:2)
  76 fungi
  175 plants
  17 tentacles
  6 withered plants (D:11)
323 creatures vanquished.

Grand Total: 2347 creatures vanquished

Table legend: (Time is in decaauts)
 A = Elapsed time spent in this place.
 B = Non-inter-level travel time spent in this place.
 C = Inter-level travel time spent in this place.
 D = Time resting spent in this place.
 E = Time spent auto-exploring this place.
 F = Levels seen in this place.
 G = Mean time per level.
                   A        B        C        D        E       F      G
               +--------+--------+--------+--------+--------+-----+--------+
         Total |  97785 |  89867 |   7918 |  25377 |  47398 |  48 | 2037.2 |
       Dungeon |  22356 |  19041 |   3315 |   2866 |  13227 |  15 | 1490.4 |
          Lair |  10552 |   9525 |   1027 |   2415 |   5685 |   6 | 1758.7 |
        Shoals |  10014 |   9836 |    178 |   3833 |   4154 |   4 | 2503.5 |
   Spider Nest |  10734 |  10349 |    385 |   4550 |   4321 |   4 | 2683.5 |
  Orcish Mines |   4909 |   4168 |    741 |   1368 |   1898 |   2 | 2454.5 |
   Elven Halls |   6871 |   6439 |    432 |   1492 |   3600 |   3 | 2290.3 |
        Vaults |  14643 |  13859 |    784 |   3605 |   6957 |   5 | 2928.6 |
         Crypt |   4253 |   3699 |    554 |    102 |   2316 |   3 | 1417.7 |
        Depths |  12824 |  12326 |    498 |   5079 |   5073 |   4 | 3206.0 |
           Zot |     84 |     84 |      0 |      0 |     35 |   1 |   84.0 |
        Wizlab |    539 |    539 |      0 |     65 |    128 |   1 |  539.0 |
               +--------+--------+--------+--------+--------+-----+--------+

Top non-repeatable levels by time:
Depths:2: 4588 daAuts
Depths:3: 4059 daAuts
Vaults:3: 3334 daAuts
Vaults:2: 3295 daAuts
Spider:3: 3124 daAuts
Spider:4: 3077 daAuts
  Lair:2: 3069 daAuts
Spider:1: 3056 daAuts
Vaults:4: 2948 daAuts
Shoals:4: 2938 daAuts
   Elf:1: 2888 daAuts
   Elf:2: 2884 daAuts
   Orc:1: 2716 daAuts
Vaults:5: 2599 daAuts
Shoals:2: 2551 daAuts

Table legend:
 A = Non-vault XP
 B = Vault XP
 C = Vault XP percentage of total XP
 D = Non-vault monster count
 E = Vault monster count
 F = Vault count percentage of total count
                 A         B        C        D         E       F
            +---------+---------+-------+---------+---------+-------
      Total |  576511 |  593099 |  50.7 |    1272 |     790 |  38.3
            +---------+---------+-------+---------+---------+-------
        D:1 |      39 |       1 |   2.5 |      23 |       1 |   4.2
        D:2 |      44 |       0 |   0.0 |      11 |       0 |   0.0
        D:3 |      45 |       0 |   0.0 |      12 |       0 |   0.0
        D:4 |     361 |    1112 |  75.5 |      25 |      12 |  32.4
        D:5 |     301 |       0 |   0.0 |      10 |       0 |   0.0
        D:6 |    1008 |     229 |  18.5 |       7 |       3 |  30.0
        D:7 |    1369 |       0 |   0.0 |      28 |       0 |   0.0
        D:8 |    1927 |      11 |   0.6 |      26 |       6 |  18.8
        D:9 |    1488 |     264 |  15.1 |      16 |       1 |   5.9
       D:10 |    3169 |     889 |  21.9 |      24 |       1 |   4.0
       D:11 |    1285 |    5150 |  80.0 |      18 |      21 |  53.8
       D:12 |    4678 |       0 |   0.0 |      13 |       0 |   0.0
       D:13 |    2262 |    5375 |  70.4 |       8 |       8 |  50.0
       D:14 |    7617 |       0 |   0.0 |      14 |       0 |   0.0
       D:15 |    8798 |    3960 |  31.0 |      18 |       5 |  21.7
     Lair:1 |    1778 |       0 |   0.0 |       6 |       0 |   0.0
     Lair:2 |    5642 |     664 |  10.5 |      29 |       5 |  14.7
     Lair:3 |    7435 |       0 |   0.0 |      34 |       0 |   0.0
     Lair:4 |    4373 |       0 |   0.0 |      14 |       0 |   0.0
     Lair:5 |    8515 |    6593 |  43.6 |      31 |      15 |  32.6
     Lair:6 |   10072 |    7601 |  43.0 |      40 |      20 |  33.3
   Shoals:1 |   12775 |    5879 |  31.5 |      29 |      12 |  29.3
   Shoals:2 |    9049 |    1302 |  12.6 |      18 |       1 |   5.3
   Shoals:3 |   20044 |    1750 |   8.0 |      40 |       2 |   4.8
   Shoals:4 |   13112 |   23699 |  64.4 |      31 |      37 |  54.4
   Spider:1 |   14266 |    4504 |  24.0 |      29 |       5 |  14.7
   Spider:2 |   14478 |    3074 |  17.5 |      35 |       2 |   5.4
   Spider:3 |   11147 |     370 |   3.2 |      32 |       1 |   3.0
   Spider:4 |    8417 |   21602 |  72.0 |      23 |      50 |  68.5
      Orc:1 |    2591 |    6526 |  71.6 |      34 |      11 |  24.4
      Orc:2 |    2950 |    6238 |  67.9 |      37 |      36 |  49.3
      Elf:1 |   22384 |   16238 |  42.0 |      35 |      28 |  44.4
      Elf:2 |   14642 |   29185 |  66.6 |      29 |      38 |  56.7
      Elf:3 |   20211 |   31578 |  61.0 |      31 |      28 |  47.5
   Vaults:1 |    8485 |   19954 |  70.2 |      13 |      28 |  68.3
   Vaults:2 |   35083 |    8312 |  19.2 |      49 |      13 |  21.0
   Vaults:3 |   21798 |   41120 |  65.4 |      35 |      55 |  61.1
   Vaults:4 |   36481 |   30942 |  45.9 |      44 |      42 |  48.8
   Vaults:5 |   33369 |  130153 |  79.6 |      47 |     106 |  69.3
    Crypt:1 |   47418 |    8193 |  14.7 |      75 |       3 |   3.8
    Crypt:2 |   34020 |    5476 |  13.9 |      46 |       2 |   4.2
    Crypt:3 |       0 |   55940 | 100.0 |       0 |      92 | 100.0
   Depths:1 |   10105 |   19982 |  66.4 |      13 |      21 |  61.8
   Depths:2 |   34667 |   16723 |  32.5 |      40 |      18 |  31.0
   Depths:3 |   25714 |   49100 |  65.6 |      26 |      39 |  60.0
   Depths:4 |   34116 |   18394 |  35.0 |      38 |      16 |  29.6
      Zot:1 |    5351 |     484 |   8.3 |       4 |       1 |  20.0
     WizLab |   11632 |    4532 |  28.0 |      32 |       5 |  13.5
            +---------+---------+-------+---------+---------+-------
